 Dungeon Crawl Stone Soup version 0.29.1-13-g9f3cf754e1 (webtiles) character file.

Game seed: 8079479814748674173

77 Nickssm the Insei (level 4, 0/51 HPs)
             Began as a Merfolk Transmuter on Jan 20, 2023.
             Slain by Natasha (6 damage)
             ... on level 2 of the Dungeon.
             The game lasted 00:07:28 (1500 turns).

Nickssm the Insei (Merfolk Transmuter)              Turns: 1500, Time: 00:07:29

Health: 0/51       AC: 22    Str: 12    XL:     4   Next: 33%
Magic:  7/7        EV: -1    Int: 12    God:
Gold:   79         SH:  0    Dex: 14    Spells: 7/8 levels left

rFire   . . .      SeeInvis .     - Unarmed
rCold   . . .      Faith    .   (no shield)
rNeg    . . .      Spirit   .   (body armour currently unavailable)
rPois   +          Reflect  .   (helmet currently unavailable)
rElec   .          Harm     .   (cloak currently unavailable)
rCorr   .          Rampage  .   (gloves currently unavailable)
Will    .....      NoTele   +   (boots currently unavailable)
Stlth   +.........              (no amulet)
HPRegen 0.17/turn               (no ring)
MPRegen 0.10/turn               (no ring)

@: tree-form, grasped by roots, constricted
A: stationary, stasis, torment immunity, boosted hp, (nimble swimmer 2),
(mertail)
a: no special abilities


You were on level 2 of the Dungeon.
You were a tree.
You visited 1 branch of the dungeon, and saw 2 of its levels.

You collected 79 gold pieces.

Inventory:

Armour
 a - a +0 robe (melded)
 c - a +0 cloak (melded)
 d - a +0 pair of gloves (melded)
 e - a +0 leather armour
Scrolls
 f - a scroll of butterflies {unknown}
 h - 3 scrolls of identify {unknown}
 i - 2 scrolls of enchant weapon {unknown}
 j - a scroll of teleportation {unknown}
Potions
 b - a potion of lignification
 g - a potion of invisibility {unknown}


   Skills:
 + Level 2.3 Fighting
 - Level 2.6 Dodging
 + Level 4.0 Unarmed Combat
 + Level 2.6 Spellcasting
 + Level 3.7 Transmutations


You had 7 spell levels left.
You knew the following spells:

 Your Spells              Type           Power      Damage    Failure   Level
a - Beastly Appendage     Tmut           20%        N/A       5%          1

Your spell library contained the following spells:

 Spells                   Type           Power      Damage    Failure   Level
 Wereblood                Tmut           10%        N/A       9%          2
 Summon Small Mammal      Summ           4%         N/A       26%         1
 Spider Form              Tmut/Pois      6%         N/A       34%         3
 Call Canine Familiar     Summ           1%         N/A       61%         3
 Summon Guardian Golem    Hex/Summ       1%         N/A       61%         3
 Ice Form                 Ice/Tmut       6%         N/A       75%         4


Dungeon Overview and Level Annotations

Branches:
Dungeon (2/15)

Altars:

Annotations:
D:2 Natasha


Innate Abilities, Weirdness & Mutations

You are a tree.
Your roots penetrate the ground, keeping you stationary.
You cannot be teleported.
You are immune to unholy pain and torment.
Your maximum health is greatly increased.
Your equipment is partially melded.
((You are very nimble when in or above water. (Stealth+, EV+, Speed+++)))
((Your lower body shifts to a powerful aquatic tail in water.))


Message History

The grasping roots constrict you.
You escape the roots grasp.
Natasha claws you but does no damage.
You miss Natasha. Your headbutt misses Natasha. Natasha closely misses you.
You miss Natasha.
Natasha zaps a wand.
The roots erupt in riotous growth!
The grasping roots grab you!
Natasha is unaffected.
The grasping roots constrict you!
You hear a shout!
You barely miss Natasha. Natasha claws you. The grasping roots constrict you.
You closely miss Natasha.
Natasha stares at you and mumbles some strange words.
The magic dart hits you!
* * * LOW HITPOINT WARNING * * *
The grasping roots constrict you.
* * * LOW HITPOINT WARNING * * *
The grasping roots release their grip on you.
Press: ? - help, v - describe, . - travel
Here: Natasha, carrying a wand of roots (5)
The floor.
Really quaff the potion of lignification? [Y]es or [N]o only, please.
Really quaff the potion of lignification?
Your horns disappear.
You turn into a tree.
Your +0 cloak melds into your body.
Your +0 pair of gloves melds into your body.
Your +0 robe melds into your body.
Your roots penetrate the ground.
Natasha claws you but does no damage.
You barely miss Natasha. You punch Natasha, but do no damage.
Natasha zaps a wand.
The roots erupt in riotous growth!
The grasping roots grab you!
Natasha is unaffected.
The grasping roots constrict you.
You barely miss Natasha. Natasha claws you but does no damage.
The grasping roots constrict you.
You hit Natasha.
Natasha is lightly wounded.
Natasha claws you but does no damage. The grasping roots constrict you.
* * * LOW HITPOINT WARNING * * *
You barely miss Natasha. You punch Natasha, but do no damage.
Natasha is lightly wounded.
Natasha claws you.
You die...

##.............##
#................
###..##...###....#
....###...[# #...##
...####....###....##
...................####
.........##.###.......
..........#..##..h.#
..........##..#.♣..#
..........###.#.####
..........# #.#.#
....... #...# #####


You could see Natasha.

Vanquished Creatures
  Jessica (D:2)
  A gnoll (D:2)
  An adder (D:2)
  2 dart slugs (D:1)
  5 endoplasms
  3 giant cockroaches (D:1)
  4 goblins
  A hobgoblin (D:2)
  3 kobolds
  A quokka (D:1)
  A ball python (D:1)
  2 bats
  A frilled lizard (D:2)
  2 rats (D:1)
28 creatures vanquished.

Notes
Turn   | Place    | Note
-------+----------+-------------------------------------------
     0 | D:1      | Nickssm the Merfolk Transmuter began the quest for the Orb.
     0 | D:1      | Reached XP level 1. HP: 15/15 MP: 3/3
   188 | D:1      | Found a faded altar of an unknown god.
   194 | D:1      | Reached XP level 2. HP: 16/21 MP: 5/5
   790 | D:1      | Reached XP level 3. HP: 19/27 MP: 6/6
  1015 | D:2      | Noticed Jessica
  1028 | D:2      | Killed Jessica
  1238 | D:2      | Reached XP level 4. HP: 31/33 MP: 5/7
  1419 | D:2      | Reached skill level 4 in Unarmed Combat
  1425 | D:2      | Identified the +3 chain mail of Painted Creativity {rElec
                  | rCorr Str-5 Int+3}
  1477 | D:2      | Noticed Natasha
  1500 | D:2      | Slain by Natasha

Illustrated notes

Levels and vault maps discovered:
D:1:      lightli_arrival_quake, layout_basic,
          hellmonk_ecumenical_altar_crossroads
D:2:      layout_rooms, minmay_puff, uniq_natasha, uniq_jessica, uniq_terence

Skill      XL: |  1  2  3  4 |
---------------+-------------+-----
Transmutations | 3 |  3.7
Fighting       | 2 |  2.3
Unarmed Combat | 4 |  4.0
Dodging        | |  2.6
Spellcasting   | |  2.6

Action                   |  1- 3 |  4- 6 || total
-------------------------+-------+-------++-------
Melee: Unarmed           |    72 |    29 ||   101
       Headbutt          |     4 |     2 ||     6
       Punch             |     1 |     4 ||     5
 Cast: Beastly Appendage |     5 |     2 ||     7
  Use: Potion            |       |     1 ||     1
 Stab: Sleeping          |     2 |     1 ||     3
Armor: Robe              |    14 |     7 ||    21
       Skin              |       |     3 ||     3
Dodge: Dodged            |    35 |    18 ||    53
